 Dungeon Crawl Stone Soup version 0.28.0-43-g3370ac3207 (webtiles) character file.

Game seed: 2735126730163727209

75 Pinkishskies the Magician (level 4, -3/31 HPs)
             Began as a Djinni Ice Elementalist on Mar 24, 2022.
             Slain by a howler monkey skeleton (5 damage)
             ... on level 4 of the Dungeon.
             The game lasted 00:07:43 (3256 turns).

Pinkishskies the Magician (Djinni Ice Elementalist) Turns: 3256, Time: 00:07:44

Health: -3/31      AC:  4    Str:  7    XL:     4   Next: 55%
Gold:   194        EV: 11    Int: 19    God:
                   SH:  0    Dex: 13

rFire   + + .      SeeInvis .   (no weapon)
rCold   x . .      Faith    .   (no shield)
rNeg    . . .      Spirit   .   e - +0 leather armour
rPois   ∞          Reflect  .   m - +0 helmet
rElec   .          Harm     .   (no cloak)
rCorr   .          Rampage  .   (no gloves)
Will    .....                   (boots unavailable)
Stlth   ++........              (no amulet)
HPRegen 0.10/turn               d - ring of wizardry
MPRegen 0.00/turn               (no ring)

@: flying
A: sickness immunity, fire resistance 2, cold vulnerability 1, float, innate
caster, HP casting, extra vitality 1
a: no special abilities


You were on level 4 of the Dungeon.
You visited 1 branch of the dungeon, and saw 4 of its levels.

You collected 194 gold pieces.

Inventory:

Armour
 a - a +0 robe
 e - a +0 leather armour (worn)
 m - a +0 helmet (worn)
Jewellery
 d - a ring of wizardry (left hand)
 h - the ring of Anly {Drain EV+4 Str+3 SInv}
   (You found it on level 2 of the Dungeon)

   [ring of evasion]

   EV:        It affects your evasion (+4).
   Str:       It affects your strength (+3).
   SInv:      It lets you see invisible.
   Drain:     It drains your maximum health when unequipped.
 k - an amulet of guardian spirit
Scrolls
 g - 2 scrolls of identify {unknown}
 n - a scroll of magic mapping {unknown}
Potions
 b - 2 potions of attraction {unknown}
 c - a potion of heal wounds {unknown}
 f - a potion of curing {unknown}
 i - a potion of magic {unknown}
 j - 2 potions of haste {unknown}
 l - 2 potions of ambrosia {unknown}
 o - a potion of berserk rage {unknown}


   Skills:
 + Level 0.1 Fighting
 + Level 1.1 Armour
 + Level 2.2 Dodging
 + Level 1.6 Stealth
 + Level 4.3 Spellcasting


You couldn't memorise any spells.
You knew the following spells:

 Your Spells              Type           Power      Damage    Failure   Level
a - Freeze                Ice            80%        1d9       1%          1
b - Frozen Ramparts       Ice            40%        1d6       4%          3
c - Ozocubu's Armour      Ice            20%        N/A       4%          3
d - Hailstorm             Conj/Ice       20%        3d6       13%         4
e - Pain                  Necr           80%        1d8       1%          1
Your spell library was empty.

Dungeon Overview and Level Annotations

Branches:
Dungeon (4/15)
 Temple: D:4-7

Altars:
Ashenzari
The Shining One


Innate Abilities, Weirdness & Mutations

You are immune to sickness and miasma.
You are immune to poison.
Your flesh is very heat resistant. (rF++)
You are vulnerable to cold. (rC-)
You float through the air rather than walking.
You learn spells naturally, not from books.
Your magical power is your life essence.
You have superior vitality. (+4 MHP)


Message History

The howler monkey skeleton is moderately damaged.
The howler monkey skeleton hits you but does no damage.
You hit the howler monkey skeleton but do no damage.
The howler monkey skeleton is moderately damaged.
The howler monkey skeleton hits you.
You hit the howler monkey skeleton.
The howler monkey skeleton is moderately damaged.
The howler monkey skeleton hits you but does no damage.
You hit the howler monkey skeleton.
The howler monkey skeleton is heavily damaged.
The howler monkey skeleton barely misses you.
You hit the howler monkey skeleton.
The howler monkey skeleton is heavily damaged.
The howler monkey skeleton hits you.
* * * LOW HITPOINT WARNING * * *
You hit the howler monkey skeleton but do no damage.
The howler monkey skeleton is heavily damaged.
The howler monkey skeleton hits you.
* * * LOW HITPOINT WARNING * * *
You barely miss the howler monkey skeleton.
The howler monkey skeleton is heavily damaged.
The howler monkey skeleton hits you but does no damage.
You hit the howler monkey skeleton but do no damage.
The howler monkey skeleton is heavily damaged.
The howler monkey skeleton hits you but does no damage.
You barely miss the howler monkey skeleton.
The howler monkey skeleton is heavily damaged.
The howler monkey skeleton barely misses you.
You hit the howler monkey skeleton.
The howler monkey skeleton is severely damaged.
The howler monkey skeleton hits you.
* * * LOW HITPOINT WARNING * * *
You hit the howler monkey skeleton but do no damage.
The howler monkey skeleton is severely damaged.
The howler monkey skeleton hits you.
* * * LOW HITPOINT WARNING * * *
You hit the howler monkey skeleton.
The howler monkey skeleton is severely damaged.
The howler monkey skeleton hits you.
You die...

#..........#
..#.........##
.....##......##
##.#.##.......#
..........##..#
#......####.##
#............#
##......Z.##.##
.......@##.###
..#.##......##
#.......#
#..###..##
##..##...#
#....<.##
..........#
.....##.###
..... ###


You could see a howler monkey skeleton.

Vanquished Creatures
  3 adders
  A dart slug (D:1)
  4 ball pythons
  6 endoplasms
  2 giant cockroaches
  5 goblins
  4 hobgoblins
  2 kobolds
  5 quokkas
  5 bats
  5 frilled lizards
  3 rats
45 creatures vanquished.

Notes
Turn   | Place    | Note
-------+----------+-------------------------------------------
     0 | D:1      | Pinkishskies the Djinni Ice Elementalist began the quest
                  | for the Orb.
     0 | D:1      | Reached XP level 1. HP: 15/15 MP: 0/0
    85 | D:1      | Reached XP level 2. HP: 7/21 MP: 0/0
   608 | D:1      | Found a faded altar of an unknown god.
  1063 | D:2      | Reached XP level 3. HP: 19/25 MP: 0/0
  1063 | D:2      | Learned a level 1 spell: Pain
  1322 | D:2      | Reached skill level 4 in Spellcasting
  1584 | D:2      | Identified the ring of Anly {Drain EV+4 Str+3 SInv}
  2292 | D:3      | Reached XP level 4. HP: 28/31 MP: 0/0
  2313 | D:3      | Reached skill level 1 in Armour
  2552 | D:3      | Found a glowing golden altar of the Shining One.
  2554 | D:3      | Found a broken altar of Ashenzari.
  3256 | D:4      | Slain by a howler monkey skeleton

Illustrated notes

Levels and vault maps discovered:
D:1:      lemuel_arrival_room, layout_basic, ebering_ecumenical_altar_webs,
          minivault_11, nicolae_concentric_dashed_squares_mild
D:2:      layout_rooms, patterned_corridor
D:3:      layout_rooms, minitemple, nicolae_figureground_sparkle
D:4:      layout_cave_pools, serial_shops, shop

Skill      XL: |  1  2  3  4 |
---------------+-------------+-----
Spellcasting   | 4 |  4.3
Armour         | 1 |  1.1
Fighting       | |  0.1
Dodging        | |  2.2
Stealth        | |  1.6

Action                   |  1- 3 |  4- 6 || total
-------------------------+-------+-------++-------
Melee: Unarmed           |       |    14 ||    14
 Cast: Freeze            |    27 |     5 ||    32
       Pain              |    28 |    22 ||    50
       Ozocubu's Armour  |       |     2 ||     2
       Frozen Ramparts   |       |     2 ||     2
Armor: Robe              |     2 |       ||     2
       Leather armour    |     4 |     7 ||    11
Dodge: Dodged            |    19 |     7 ||    26
